 Dungeon Crawl Stone Soup version 0.21.1-1-g345015f (webtiles) character file.

112 Mirai the Chopper (level 4, 0/40 HPs)
             Began as a Hill Orc Fighter on Mar 6, 2018.
             Succumbed to an orc wizard's poison
             ... on level 3 of the Dungeon.
             The game lasted 00:04:58 (1904 turns).

Mirai the Chopper (Hill Orc Fighter)                Turns: 1904, Time: 00:04:59

Health: 0/40       AC:  8    Str: 24    XL:     4   Next: 93%
Magic:  4/4        EV:  7    Int:  8    God:
Gold:   135        SH: 10    Dex: 10    Spells: 3/3 levels left

rFire    . . .     SeeInvis .   a - +0 war axe
rCold    . . .     Gourm    +   c - +0 shield
rNeg     . . .     Faith    .   b - +0 scale mail
rPois    .         Spirit   .   (no helmet)
rElec    .         Reflect  .   n - +0 cloak
rCorr    .         Harm     .   (no gloves)
MR       .....                  (no boots)
Stlth    ..........             o - amulet of the gourmand
HPRegen  0.13/turn              (no ring)
MPRegen  0.09/turn              (no ring)

@: mighty, lethally poisoned (0 -> -19)
A: no striking features
a: Convert to Beogh


You were on level 3 of the Dungeon.
You were completely stuffed.

You visited 1 branch of the dungeon, and saw 3 of its levels.

You collected 135 gold pieces.

Inventory:

Hand Weapons
 a - a +0 war axe (weapon)
Armour
 b - a +0 scale mail (worn)
 c - a +0 shield (worn)
 n - a +0 cloak (worn)
Jewellery
 g - an uncursed amulet of faith {unknown}
 o - an amulet of the gourmand (around neck)
Scrolls
 e - a scroll of enchant weapon {unknown}
 i - a scroll of fog {unknown}
 j - 3 scrolls of immolation {unknown}
 k - 4 scrolls of remove curse {unknown}
 l - 5 scrolls of identify {unknown}
 m - a scroll of enchant armour {unknown}
 p - a scroll of noise {unknown}
Potions
 h - a potion of lignification {unknown}
 q - a potion of curing {unknown}
 s - a potion of haste {unknown}
 t - a potion of brilliance {unknown}
Comestibles
 f - 9 rations
 r - 2 chunks of flesh


   Skills:
 + Level 4.3 Fighting
 + Level 4.4 Axes
 + Level 4.0 Armour
 + Level 4.1 Shields


You had 3 spell levels left.
You didn't know any spells.

Dungeon Overview and Level Annotations

Branches:
Dungeon (3/15)

Altars:
Cheibriados


Message History

The orc wizard hits you but does no damage.
You are poisoned.
You block the goblin's attack.
The orc priest calls upon Beogh to heal the orc.
The orc is healed somewhat.
The orc hits you with a hand axe.
* * * LOW HITPOINT WARNING * * *
You block the goblin's attack. The orc wizard closely misses you.
Unknown command.
You feel very mighty all of a sudden.
* * * LOW HITPOINT WARNING * * *
You feel sick.
The orc priest hits you from afar with a trident!
* * * LOW HITPOINT WARNING * * *
The goblin closely misses you.
The orc wizard hits you but does no damage.
You are more poisoned.
You block the orc's attack.
You closely miss the orc wizard. You miss the goblin. You slash the orc!
You kill the orc!
You die...

.......... .. ......#.#
..# .......####...
.......#..... ..
..#........# ...
#...o....... #.
#..#######.##oo...... #.
#..........g@)....... #.
#....................
#.###.##.##..............
≈.......<................
≈#.#####.##.####.........
≈$.......##.####.........
.........................
.........................
#..................


You could see an orc priest, an orc wizard, an orc and a goblin.

Vanquished Creatures
  3 adders (D:2)
  An ooze (D:3)
  4 worms (D:2)
  A dart slug (D:1)
  4 orcs (D:3)
  3 ball pythons
  4 bats
  2 giant cockroaches
  5 goblins
  7 hobgoblins
  7 jackals (D:1)
  10 kobolds
  A quokka (D:3)
  2 frilled lizards
  A leopard gecko skeleton (D:2)
  6 rats
61 creatures vanquished.

Notes
Turn   | Place    | Note
-------+----------+-------------------------------------------
     0 | D:1      | Mirai the Hill Orc Fighter began the quest for the Orb.
     0 | D:1      | Reached XP level 1. HP: 19/19 MP: 1/1
   112 | D:1      | Reached XP level 2. HP: 8/27 MP: 2/2
   357 | D:1      | Reached XP level 3. HP: 16/33 MP: 3/3
  1023 | D:2      | Found a faded altar of an unknown god.
  1343 | D:2      | Reached XP level 4. HP: 40/40 MP: 4/4
  1854 | D:3      | Found a snail-covered altar of Cheibriados.
  1903 | D:3      | HP: 2/40 [orc priest/trident (7)]
  1904 | D:3      | Succumbed to an orc wizard's poison

Skill      XL: |  1  2  3  4 |
---------------+-------------+-----
Fighting       | 4 |  4.3
Axes           | 3 4 |  4.4
Shields        | 4 |  4.1
Armour         | 4 |  4.0

Action                   |  1- 3 |  4- 6 || total
-------------------------+-------+-------++-------
Melee: War axe           |   118 |   100 ||   218
  Use: Potion            |       |     1 ||     1
  Eat: Chunk             |     4 |    11 ||    15
Armor: Scale mail        |    73 |    57 ||   130
Dodge: Dodged            |    54 |    36 ||    90
Block: Shield            |    82 |    54 ||   136
